AoeStats
← 一条固执的鱼

MegaRandom

506456018Analyzed
3v3 RM · 18d ago on Sep 13, 2026· 47m 46s· 6 players
Game mode
Random Map
Map size
Normal (6 player)
Population
200
Speed
Normal
Resources
Standard
Victory
Conquest
Starting age
Dark Age
Ending age
Imperial Age
RankedLock teamsTeams togetherTeam positionsShared explorationLock speedFull tech treeHidden civsTurbo modeCheats
Victory
Defeat
🇨🇳 Teutons · China
1217
+18
🇨🇳 Koreans · China
1195
+19
🇨🇳 Goths · China
1183
+19
🇨🇦 Huns · Canada
1281
-20
🇦🇷 Mongols · Argentina
1252
-18
🇲🇽 Italians · Mexico
1245
-18
SergioH26
7:17 Loom
9:29 Feudal Age
12:24 Double-Bit Axe
15:23 Horse Collar
19:47 Stone Mining
25:39 Castle Age
28:07 Bow Saw
28:00 Town Watch
42:50 Heavy Plow
43:29 Stone Shaft Mining
47:06 Wheelbarrow
Coach_E
1:04 Loom
9:27 Feudal Age
14:36 Castle Age
15:27 Scale Barding Armor
24:08 Forging
26:22 Bloodlines
28:36 Husbandry
31:14 Town Watch
32:30 Marauders
33:24 Chain Barding Armor
33:49 Iron Casting
34:07 Double-Bit Axe
37:44 Bow Saw
40:12 Light Cavalry
42:03 Wheelbarrow
45:43 Imperial Age
44:36 Hand Cart
1
0:36 Loom
6:31 Feudal Age
10:52 Double-Bit Axe
18:47 Castle Age
16:38 Horse Collar
18:55 Bloodlines
18:50 Light Cavalry
19:46 Bow Saw
21:23 Fletching
22:09 Husbandry
24:50 Bodkin Arrow
26:04 Gold Mining
27:30 Ballistics
28:03 Heavy Plow
31:19 Wheelbarrow
35:39 Imperial Age
33:23 Padded Archer Armor
36:10 Imperial Age
34:04 Hand Cart
36:42 Thumb Ring
36:13 Capped Ram
36:20 Elite Mangudai
38:07 Chemistry
37:12 Bracer
38:00 Conscription
38:30 Drill
38:22 Siege Ram
39:44 Parthian Tactics
43:45 Gold Shaft Mining
43:01 Stone Mining
47:26 Leather Archer Armor
47:18 Siege Engineers
一条固执的鱼
0:36 Loom
8:55 Feudal Age
14:25 Fletching
20:04 Scale Mail Armor
25:29 Castle Age
23:34 Double-Bit Axe
26:43 Bodkin Arrow
36:21 Husbandry
37:54 Horse Collar
40:26 Ballistics
43:57 Wheelbarrow
43:41 Town Watch
48:13 Bow Saw
809591945
0:28 Loom
8:12 Feudal Age
9:03 Town Watch
10:57 Scale Mail Armor
11:35 Double-Bit Axe
19:35 Castle Age
18:01 Horse Collar
19:04 Forging
19:45 Pikeman
20:43 Squires
22:03 Chain Mail Armor
23:34 Bow Saw
25:13 Wheelbarrow
25:29 Heavy Plow
29:54 Iron Casting
29:15 Gold Mining
35:41 Imperial Age
34:00 Anarchy
35:19 Hand Cart
36:31 Halberdier
37:47 Elite Huskarl
38:49 Conscription
41:18 Blast Furnace
42:55 Coinage
43:27 Perfusion
沉着 冷静
0:29 Loom
8:14 Feudal Age
8:41 Double-Bit Axe
11:13 Town Watch
13:59 Horse Collar
24:43 Castle Age
26:08 Bow Saw
25:55 Fletching
27:47 Bodkin Arrow
32:58 Guard Tower
38:16 Heavy Plow
Connection lost

Rejoining the realm…

Still unreachable

The connection could not be restored.

Session expired

The server has moved on; the page needs a fresh start.